Map: Neon Violet Square LE

Players

puCK (Nina) - Winner!

  • Race: Protoss Protoss
  • Spawn Location: 5:00

Semper

  • Race: Terran Terran
  • League: Master
  • Spawn Location: 11:00

VOD

Have the link to the VOD?

Description

Time

  • Played on: Feb. 1, 2018, 7:14 p.m.
  • Length: 11:06
Show
View Real Time Build Order
Export as new Build Order

puCK Protoss - Winner!

Build Orders: 1 Gate Expand, Phoenix Opening 

Get SALT Encoding   

  12  0:01  Probe  
  13  0:13  Probe  
  14  0:18  Pylon  
  14  0:25  Probe (Chrono Boost)  
  15  0:37  Probe (Chrono Boost)  
  15  0:39  Gateway  
  16  0:46  Probe (Chrono Boost)  
  16  0:49  Assimilator  
  17  0:51  Probe  
  18  1:03  Probe  
  19  1:15  Probe  
  20  1:27  Nexus  
  20  1:36  Cybernetics Core  
  20  1:39  Probe  
  21  1:49  Assimilator  
  21  1:51  Probe  
  22  1:57  Pylon  
  22  2:03  Probe  
  23  2:14  Adept (Chrono Boost)  
  25  2:16  Probe  
  26  2:23  Stargate  
  26  2:28  Probe  
  26  2:29  Adept  
  29  2:38  Warp Gate  
  29  2:43  Probe x2 (Chrono Boost)  
  31  2:54  Probe (Chrono Boost)  
  31  2:56  Probe (Chrono Boost)  
  33  2:58  Probe (Chrono Boost)  
  33  3:03  Adept  
  36  3:06  Probe  
  36  3:07  Phoenix (Chrono Boost)  
  36  3:09  Probe  
  40  3:18  Probe  
  41  3:20  Pylon  
  41  3:21  Probe  
  41  3:25  Phoenix  
  44  3:30  Probe  
  44  3:33  Probe  
  46  3:38  Assimilator x2  
  46  3:48  Probe  
  47  3:50  Phoenix (Chrono Boost)  
  47  3:59  Probe  
  47  4:00  Probe  
  49  4:05  Robotics Facility  
  49  4:11  Probe  
  49  4:12  Probe  
  49  4:15  Phoenix (Chrono Boost)  
  53  4:23  Probe  
  54  4:27  Pylon  
  54  4:34  Nexus  
  54  4:45  Probe x2  
  56  4:46  Pylon  
  56  4:47  Gateway  
  56  4:53  Phoenix  
  56  4:57  Probe x2  
  60  5:02  Forge  
  60  5:05  Twilight Council  
  60  5:08  Observer  
  60  5:09  Probe  
  60  5:12  Gateway  
  62  5:24  Probe  
  63  5:30  Probe  
  63  5:35  Robotics Bay  
  64  5:36  Protoss Ground Armor Level 1 (Chrono Boost)  
  64  5:37  Probe, Gateway  
  64  5:39  Gateway  
  64  5:41  Sentry  
  67  5:43  Phoenix  
  67  5:44  Charge  
  69  5:50  Probe  
  69  5:53  Observer  
  69  5:54  Pylon  
  69  5:56  Probe x2  
  73  6:02  Probe  
  74  6:08  Probe, Pylon  
  74  6:09  Probe  
  76  6:14  Probe  
  76  6:16  Assimilator  
  77  6:18  Gateway  
  77  6:19  Assimilator  
  77  6:22  Gateway  
  77  6:24  Extended Thermal Lance  
  78  6:27  Probe  
  78  6:28  Pylon  
  78  6:30  Colossus (Chrono Boost)  
  78  6:38  Probe  
  85  6:53  Pylon  
  85  6:56  Sentry x3  
  91  7:02  Pylon  
  91  7:09  Nexus  
  91  7:11  Colossus (Chrono Boost)  
  97  7:18  Stalker  
  97  7:19  Stalker x2  
  97  7:20  Zealot x2  
  107  7:30  Probe  
  107  7:31  Probe  
  107  7:34  Protoss Ground Armor Level 2 (Chrono Boost)  
  109  7:42  Zealot x5  
  118  7:55  Colossus (Chrono Boost)  
  122  7:59  Nexus  
  122  8:02  Pylon  
  122  8:03  Zealot  
  124  8:07  Pylon  
  124  8:09  Pylon  
  124  8:13  Pylon  
  124  8:24  Zealot x5  
  133  8:31  Pylon  
  133  8:32  Templar Archives  
  133  8:33  Pylon  
  133  8:37  Gateway  
  133  8:42  Warp Prism (Chrono Boost)  
  135  8:51  Zealot x2  
  139  8:58  Zealot x2  
  143  9:06  Zealot x3  
  143  9:17  Gateway  
  143  9:22  High Templar x3  
  149  9:24  High Templar  
  149  9:28  Archon  
  149  9:29  Archon  
  151  9:32  Zealot x2  
  153  9:50  Probe x3  
  153  9:57  High Templar x7  
  153  9:58  High Templar  
  169  10:01  Archon  
  169  10:02  Archon x3  
  169  10:06  Probe  
  170  10:08  Pylon  
  170  10:10  Pylon  
  170  10:18  Stalker  
  170  10:20  Stalker x3  
  178  10:21  Stalker  
  178  10:23  Zealot, Stalker  
  138  10:37  Zealot x2  
  130  10:46  Zealot x7  
Show
View Real Time Build Order
Export as new Build Order

Semper Terran 

Build Orders: Reaper Expand, MMM Bio 

Get SALT Encoding   

  12  0:00  SCV  
  13  0:12  SCV  
  14  0:18  Supply Depot  
  14  0:25  SCV  
  15  0:39  SCV  
  15  0:41  Barracks  
  16  0:45  Refinery  
  16  0:52  SCV  
  17  1:04  SCV  
  18  1:16  SCV  
  19  1:28  Reaper, Orbital Command  
  20  1:44  Command Center  
  20  1:54  SCV  
  21  1:55  Supply Depot  
  21  2:00  Marine  
  22  2:06  SCV  
  23  2:13  Factory  
  23  2:18  SCV  
  24  2:23  Barracks Reactor, Refinery  
  24  2:30  SCV  
  25  2:42  SCV  
  26  2:57  SCV  
  27  3:00  Orbital Command  
  27  3:04  Widow Mine, Marine x2, Starport  
  30  3:09  SCV  
  31  3:22  SCV, Marine x2  
  31  3:26  Widow Mine, SCV  
  37  3:29  Supply Depot  
  37  3:34  SCV  
  38  3:38  SCV  
  38  3:40  Viking  
  41  3:41  Marine x2  
  41  3:46  SCV  
  41  3:48  Widow Mine  
  46  3:51  SCV  
  47  3:58  SCV  
  47  3:59  Supply Depot  
  48  4:03  SCV  
  48  4:08  Bunker, Barracks Tech Lab, Barracks  
  49  4:10  SCV  
  49  4:16  SCV  
  51  4:23  SCV  
  52  4:27  Marine  
  52  4:28  Stimpack, Engineering Bay  
  52  4:31  Factory Tech Lab  
  53  4:32  SCV  
  53  4:33  Starport Reactor, Barracks  
  53  4:34  Supply Depot  
  53  4:37  SCV  
  56  4:45  SCV  
  56  4:47  Marine  
  56  4:49  SCV  
  58  4:52  Refinery  
  58  4:57  SCV  
  58  5:01  SCV  
  58  5:02  Missile Turret  
  58  5:03  Marine x2  
  58  5:05  Missile Turret  
  61  5:08  Supply Depot  
  61  5:09  SCV, Terran Infantry Weapons Level 1  
  61  5:10  Marine  
  61  5:11  Factory Reactor  
  61  5:13  SCV  
  62  5:21  Marine  
  62  5:22  SCV  
  62  5:25  SCV  
  64  5:31  Marine  
  64  5:34  SCV  
  64  5:35  Marine  
  65  5:36  Medivac x2  
  65  5:38  SCV  
  65  5:39  Marine  
  71  5:43  Supply Depot  
  71  5:46  SCV  
  72  5:50  SCV, Marine x2  
  72  5:52  Widow Mine  
  72  5:55  Supply Depot  
  77  5:59  Command Center, Refinery  
  77  6:00  Marine  
  77  6:03  Combat Shields  
  78  6:04  Widow Mine, Marine  
  78  6:05  SCV  
  82  6:13  Widow Mine  
  84  6:18  Medivac x2  
  84  6:19  Marine x3  
  84  6:21  SCV  
  92  6:25  Supply Depot  
  92  6:26  Widow Mine  
  92  6:30  Barracks  
  94  6:34  Barracks  
  94  6:35  Concussive Shells  
  94  6:39  Marine x2  
  94  6:44  Widow Mine  
  94  6:50  Marine, Marauder  
  97  6:54  Medivac x2  
  97  6:56  SCV  
  102  7:09  Terran Infantry Armor Level 1  
  102  7:10  SCV, Marine x3  
  102  7:11  Supply Depot, Marine  
  102  7:12  Orbital Command  
  102  7:13  Supply Depot  
  104  7:19  Liberator x2  
  99  7:24  Widow Mine  
  99  7:28  Marine x3  
  99  7:29  Marine  
  109  7:46  Marine x3  
  109  7:47  Marine  
  109  7:51  Widow Mine x2  
  117  7:54  SCV  
  117  7:55  Orbital Command  
  116  7:59  Armory  
  116  8:04  Marine x3  
  116  8:05  Marauder  
  116  8:21  Marine x3  
  116  8:26  Barracks Reactor, Marine  
  120  8:27  Barracks Tech Lab  
  120  8:28  SCV, Liberator  
  120  8:29  SCV x2  
  120  8:32  Liberator  
  123  8:34  Engineering Bay  
  123  8:37  Missile Turret  
  123  8:39  Marine x3  
  123  8:41  SCV x2  
  128  8:44  Marauder  
  136  8:56  SCV x3  
  136  8:57  Marine x2, Ghost Academy  
  136  8:58  Refinery x2  
  141  9:04  Marine  
  141  9:05  Bunker  
  141  9:20  Starport  
  141  9:21  Liberator  
  141  9:23  Marine x4  
  141  9:24  Marauder  
  148  9:39  Liberator  
  148  9:42  Ghost  
  148  9:45  Marine  
  149  9:53  Supply Depot  
  149  9:54  Marauder  
  149  9:55  Supply Depot  
  149  9:56  Ghost, Supply Depot, Marine  
  149  9:58  Liberator  
  155  10:11  Marauder  
  156  10:15  Marine x2  
  156  10:16  Marauder  
  163  10:24  Missile Turret, Ghost, Supply Depot  
  163  10:25  Missile Turret, Supply Depot  
  158  10:31  Marine  
  158  10:33  Marine, Marauder  
  131  10:36  Marine  
  131  10:37  Marine, Marauder  
Tags
 
Add a new tag
Caveats
  • Supply blocks, unpowered buildings, or Contaminate may cause inaccurate times.
  • Supply counts are checked every 10 seconds.